| TOP OF THE 1ST |
|
Jacksonville Suns batting - Pitching for Mississippi Braves : RHP Gavin Nelson
|
|
Pitching: RHP Gavin Nelson
|
|
|
Batting: LHB Luis Magdaleno
|
0-0: Swinging Strike 0-1: Ball 1-1: Foul Ball, location: 2F 1-2: Ball 2-2: Foul Ball, location: 2F 2-2: Foul Ball, location: 2F 2-2: Strikes out swinging
|
|
Batting: RHB Masumitsu Sugiura
|
0-0: Ball 1-0: SINGLE (Flyball, 3D, EV 91.9 MPH)
|
|
Batting: LHB Adam Durgin
|
0-0: Called Strike 0-1: Called Strike 0-2: Ball 1-2: Strikes out swinging
|
|
Batting: RHB Isaiah Brockman
|
0-0: Called Strike 0-1: Ball 1-1: Ball Masumitsu Sugiura steals 2nd base 2-1: Swinging Strike 2-2: Foul Ball, location: 2F 2-2: Strikes out swinging
|
| Top of the 1st over - 0 runs, 1 hit, 0 errors, 1 left on base; Jacksonville 0 - Mississippi 0 |
| BOTTOM OF THE 1ST |
|
Mississippi Braves batting - Pitching for Jacksonville Suns : RHP Jorge Lara
|
|
Pitching: RHP Jorge Lara
|
|
|
Batting: LHB Tsutomu Miyahara
|
0-0: Called Strike 0-1: Foul Ball, location: 2F 0-2: Foul Ball, location: 2F 0-2: Ground out 4-3 (Groundball, 4, EV 89.4 MPH)
|
|
Batting: RHB Edgar Castillo
|
0-0: Swinging Strike 0-1: Ball 1-1: Ball 2-1: Foul Ball, location: 2F 2-2: Ball 3-2: Foul Ball, location: 2F 3-2: Foul Ball, location: 2F 3-2: Foul Ball, location: 2F 3-2: Base on Balls
|
|
Batting: SHB Bob Morales
|
0-0: Called Strike 0-1: Foul Ball, location: 2F 0-2: Ball Edgar Castillo steals 2nd base 1-2: Ball 2-2: Strikes out swinging
|
|
Batting: RHB Hieronim Rutkowski
|
0-0: Ball 1-0: Swinging Strike 1-1: Ball 2-1: Foul Ball, location: 2F 2-2: SINGLE (Groundball, 56D, EV 102.5 MPH) Edgar Castillo to third Runner from 3rd tries for Home, SAFE, throw by LF to home Hieronim Rutkowski to second
|
|
Batting: LHB Luis Cruz
|
0-0: Ball 1-0: Swinging Strike 1-1: Foul Ball, location: 2F 1-2: Strikes out looking
|
| Bottom of the 1st over - 1 run, 1 hit, 0 errors, 1 left on base; Jacksonville 0 - Mississippi 1 |
| TOP OF THE 2ND |
|
Jacksonville Suns batting - Pitching for Mississippi Braves : RHP Gavin Nelson
|
|
Batting: RHB Rick Fell
|
0-0: Ball 1-0: Foul Ball, location: 2F 1-1: Ball 2-1: Ball 3-1: Fly out, F7 (Line Drive, 78M, EV 97.5 MPH)
|
|
Batting: RHB Willie Chavez
|
0-0: Ball 1-0: Foul Ball, location: 2F 1-1: SINGLE (Line Drive, 6MD, EV 97.5 MPH)
|
|
Batting: RHB Len Graham
|
0-0: Called Strike 0-1: Ball 1-1: Foul Ball, location: 2F 1-2: Strikes out swinging
|
|
Batting: RHB Pat Peterson
|
0-0: Ball 1-0: Fly out, F1 (Line Drive, P, EV 65.0 MPH)
|
| Top of the 2nd over - 0 runs, 1 hit, 0 errors, 1 left on base; Jacksonville 0 - Mississippi 1 |
| BOTTOM OF THE 2ND |
|
Mississippi Braves batting - Pitching for Jacksonville Suns : RHP Jorge Lara
|
|
Batting: RHB Mike Meeker
|
0-0: Fly out, F7 (Line Drive, 78M, EV 99.4 MPH)
|
|
Batting: RHB Alex Velasquez
|
0-0: Called Strike 0-1: SINGLE (Groundball, 34S, EV 68.8 MPH) (infield hit)
|
|
Batting: RHB Andy Cunningham
|
0-0: Called Strike 0-1: Grounds into double play, 1-4-3 (Groundball, 15S, EV 65.0 MPH)
|
| Bottom of the 2nd over - 0 runs, 1 hit, 0 errors, 0 left on base; Jacksonville 0 - Mississippi 1 |
| TOP OF THE 3RD |
|
Jacksonville Suns batting - Pitching for Mississippi Braves : RHP Gavin Nelson
|
|
Batting: RHB Manny Gonzalez
|
0-0: Ball 1-0: Ball 2-0: Called Strike 2-1: Foul Ball, location: 2F 2-2: Foul Ball, location: 2F 2-2: Foul Ball, location: 2F 2-2: Ball 3-2: Foul Ball, location: 2F 3-2: Foul Ball, location: 2F 3-2: Foul Ball, location: 2F 3-2: Ground out 5-3 (Groundball, 5, EV 87.5 MPH)
|
|
Batting: LHB Luis Magdaleno
|
0-0: Ball 1-0: Foul Ball, location: 2F 1-1: Ball 2-1: Ball 3-1: Swinging Strike 3-2: Fly out, F8 (Flyball, 8RD, EV 98.1 MPH)
|
|
Batting: RHB Masumitsu Sugiura
|
0-0: Called Strike 0-1: Swinging Strike 0-2: Foul Ball, location: 2F 0-2: Ball 1-2: Ball 2-2: Strikes out looking
|
| Top of the 3rd over - 0 runs, 0 hits, 0 errors, 0 left on base; Jacksonville 0 - Mississippi 1 |
| BOTTOM OF THE 3RD |
|
Mississippi Braves batting - Pitching for Jacksonville Suns : RHP Jorge Lara
|
|
Batting: SHB Juan Aguilar
|
0-0: Ball 1-0: Foul Ball, location: 2F 1-1: Ball 2-1: Ball 3-1: Base on Balls
|
|
Batting: LHB Tsutomu Miyahara
|
0-0: Foul Ball, location: 2F 0-1: Grounds out, U3 (Groundball, 3L, EV 85.6 MPH)
|
|
Batting: RHB Edgar Castillo
|
0-0: Ball 1-0: Ground out 5-3 (Groundball, 56, EV 91.2 MPH)
|
|
Batting: SHB Bob Morales
|
0-0: Ground out 4-3 (Groundball, 4, EV 83.1 MPH)
|
| Bottom of the 3rd over - 0 runs, 0 hits, 0 errors, 1 left on base; Jacksonville 0 - Mississippi 1 |
| TOP OF THE 4TH |
|
Jacksonville Suns batting - Pitching for Mississippi Braves : RHP Gavin Nelson
|
|
Batting: LHB Adam Durgin
|
0-0: Foul Ball, location: 2F 0-1: Ball 1-1: Ball 2-1: Ball 3-1: Base on Balls
|
|
Batting: RHB Isaiah Brockman
|
0-0: Swinging Strike 0-1: Foul Ball, location: 2F 0-2: Ball 1-2: Strikes out swinging
|
|
Batting: RHB Rick Fell
|
0-0: Called Strike 0-1: Ball 1-1: Foul Ball, location: 2F 1-2: Ball 2-2: Strikes out swinging
|
|
Batting: RHB Willie Chavez
|
0-0: Foul Ball, location: 2F 0-1: Ball 1-1: Ball 2-1: Foul Ball, location: 2F 2-2: Ball 3-2: SINGLE (Groundball, 6MD, EV 98.1 MPH) Adam Durgin to second Adam Durgin to third
|
|
Batting: RHB Len Graham
|
0-0: Called Strike 0-1: Fly out, F9 (Flyball, 9LM, EV 88.1 MPH)
|
| Top of the 4th over - 0 runs, 1 hit, 0 errors, 2 left on base; Jacksonville 0 - Mississippi 1 |
| BOTTOM OF THE 4TH |
|
Mississippi Braves batting - Pitching for Jacksonville Suns : RHP Jorge Lara
|
|
Batting: RHB Hieronim Rutkowski
|
0-0: SINGLE (Flyball, 56D, EV 88.1 MPH)
|
|
Batting: LHB Luis Cruz
|
0-0: Ball 1-0: Ball 2-0: SINGLE (Flyball, 56D, EV 91.2 MPH) Hieronim Rutkowski to second
|
|
Batting: RHB Mike Meeker
|
0-0: Swinging Strike 0-1: Ball 1-1: Ball 2-1: Swinging Strike 2-2: Foul Ball, location: 2F 2-2: Strikes out swinging
|
|
Batting: RHB Alex Velasquez
|
0-0: Ball 1-0: Swinging Strike 1-1: Foul Ball, location: 2F 1-2: Strikes out swinging
|
|
Batting: RHB Andy Cunningham
|
0-0: Called Strike 0-1: Fielders Choice at 2nd, 6-4 (Groundball, 6, EV 85.6 MPH)
|
| Bottom of the 4th over - 0 runs, 2 hits, 0 errors, 2 left on base; Jacksonville 0 - Mississippi 1 |
| TOP OF THE 5TH |
|
Jacksonville Suns batting - Pitching for Mississippi Braves : RHP Gavin Nelson
|
|
Batting: RHB Pat Peterson
|
0-0: SINGLE (Groundball, 6D, EV 104.4 MPH)
|
|
Batting: RHB Manny Gonzalez
|
0-0: Reached on error, E4 (Groundball, 4M, EV 87.5 MPH) Pat Peterson to second
|
|
Batting: LHB Luis Magdaleno
|
0-0: Ball 1-0: Ball 2-0: Called Strike 2-1: Foul Ball, location: 2F 2-2: Hit by Pitch Pat Peterson to third Manny Gonzalez to second
|
|
Batting: RHB Masumitsu Sugiura
|
0-0: Foul Ball, location: 2F 0-1: Ball 1-1: Foul Ball, location: 2F 1-2: Foul Ball, location: 2F 1-2: Fly out, F2 (Popup, 2LF, EV 95.6 MPH)
|
|
Batting: LHB Adam Durgin
|
0-0: Ball 1-0: Called Strike 1-1: Ball 2-1: Ball 3-1: Called Strike 3-2: Grounds into fielders choice 6-2 (Groundball, 6, EV 79.4 MPH) Manny Gonzalez to third Luis Magdaleno to second
|
|
Batting: RHB Isaiah Brockman
|
0-0: Foul Ball, location: 2F 0-1: Called Strike 0-2: Ball 1-2: DOUBLE (Line Drive, 89XD, EV 111.2 MPH) Manny Gonzalez scores Luis Magdaleno scores Adam Durgin to third
|
|
Batting: RHB Rick Fell
|
0-0: Fly out, F9 (Flyball, 9, EV 93.8 MPH)
|
| Top of the 5th over - 2 runs, 2 hits, 1 error, 2 left on base; Jacksonville 2 - Mississippi 1 |
| BOTTOM OF THE 5TH |
|
Mississippi Braves batting - Pitching for Jacksonville Suns : RHP Jorge Lara
|
|
Batting: SHB Juan Aguilar
|
0-0: Swinging Strike 0-1: Ball 1-1: Ball 2-1: Swinging Strike 2-2: Strikes out swinging, 2-3 out at first.
|
|
Batting: LHB Tsutomu Miyahara
|
0-0: Single, Error in OF, E7, batter to second base (Line Drive, 78S, EV 92.5 MPH)
|
|
Batting: RHB Edgar Castillo
|
0-0: Foul Ball, location: 2F 0-1: Ball 1-1: Ball 2-1: Swinging Strike 2-2: Ground out 3-1 (Groundball, 34, EV 87.5 MPH) Tsutomu Miyahara to third
|
|
Batting: SHB Bob Morales
|
0-0: Ball 1-0: Called Strike 1-1: Ball 2-1: Swinging Strike 2-2: SINGLE (Line Drive, 7S, EV 93.1 MPH) Tsutomu Miyahara scores
|
|
Batting: RHB Hieronim Rutkowski
|
0-0: Called Strike 0-1: Ball 1-1: Ball 2-1: Foul Ball, location: 2F 2-2: Ball 3-2: Base on Balls Bob Morales to second
|
|
Batting: LHB Luis Cruz
|
0-0: Foul Ball, location: 2F 0-1: Foul Ball, location: 2F 0-2: Ball 1-2: Foul Ball, location: 2F 1-2: Foul Ball, location: 2F 1-2: Foul Ball, location: 2F 1-2: Ball 2-2: Ball Wild Pitch! Bob Morales to third Hieronim Rutkowski to second 3-2: Ground out 3-1 (Groundball, 34, EV 83.8 MPH)
|
| Bottom of the 5th over - 1 run, 2 hits, 1 error, 2 left on base; Jacksonville 2 - Mississippi 2 |
| TOP OF THE 6TH |
|
Jacksonville Suns batting - Pitching for Mississippi Braves : RHP Gavin Nelson
|
|
Pitching: RHP Rodolfo Mendez
|
|
|
Batting: RHB Willie Chavez
|
0-0: Foul Ball, location: 2F 0-1: Ball 1-1: Foul Ball, location: 2F 1-2: Ball 2-2: Ball 3-2: Ground out U3 (Groundball, 3L, EV 101.2 MPH)
|
|
Batting: RHB Len Graham
|
0-0: Ball 1-0: Ground out 5-3 (Groundball, 56S, EV 93.1 MPH)
|
|
Batting: RHB Pat Peterson
|
0-0: Foul Ball, location: 2F 0-1: Ball 1-1: Ground out 5-3 (Groundball, 56, EV 88.8 MPH)
|
| Top of the 6th over - 0 runs, 0 hits, 0 errors, 0 left on base; Jacksonville 2 - Mississippi 2 |
| BOTTOM OF THE 6TH |
|
Mississippi Braves batting - Pitching for Jacksonville Suns : RHP Jorge Lara
|
|
Pitching: LHP Melvin Fonseca
|
|
|
Batting: RHB Mike Meeker
|
0-0: Called Strike 0-1: Ball 1-1: Fly out, F4 (Line Drive, 4, EV 68.1 MPH)
|
|
Batting: RHB Alex Velasquez
|
0-0: Ground out 4-3 (Groundball, 4M, EV 91.9 MPH)
|
|
Batting: RHB Andy Cunningham
|
0-0: Called Strike 0-1: Ground out 4-3 (Groundball, 4, EV 104.4 MPH)
|
| Bottom of the 6th over - 0 runs, 0 hits, 0 errors, 0 left on base; Jacksonville 2 - Mississippi 2 |
| TOP OF THE 7TH |
|
Jacksonville Suns batting - Pitching for Mississippi Braves : RHP Rodolfo Mendez
|
|
Batting: RHB Manny Gonzalez
|
0-0: Called Strike 0-1: Foul Ball, location: 2F 0-2: Ball 1-2: Foul Ball, location: 2F 1-2: Ball 2-2: Strikes out looking
|
|
Batting: LHB Luis Magdaleno
|
0-0: Swinging Strike 0-1: Swinging Strike 0-2: Ball 1-2: Strikes out swinging
|
|
Batting: RHB Masumitsu Sugiura
|
0-0: Ball 1-0: Ground out 4-3 (Groundball, 4, EV 115.0 MPH)
|
| Top of the 7th over - 0 runs, 0 hits, 0 errors, 0 left on base; Jacksonville 2 - Mississippi 2 |
| BOTTOM OF THE 7TH |
|
Mississippi Braves batting - Pitching for Jacksonville Suns : LHP Melvin Fonseca
|
|
Batting: SHB Juan Aguilar
|
0-0: Called Strike 0-1: Called Strike 0-2: Ball 1-2: Ground out 6-3 (Groundball, 6, EV 90.0 MPH)
|
|
Batting: LHB Tsutomu Miyahara
|
0-0: Fly out, F5 (Popup, 5SF, EV 86.9 MPH)
|
|
Batting: RHB Edgar Castillo
|
0-0: Ball 1-0: Ground out 4-3 (Groundball, 34D, EV 82.5 MPH)
|
| Bottom of the 7th over - 0 runs, 0 hits, 0 errors, 0 left on base; Jacksonville 2 - Mississippi 2 |
| TOP OF THE 8TH |
|
Jacksonville Suns batting - Pitching for Mississippi Braves : RHP Rodolfo Mendez
|
|
Pitching: RHP Orlando Velazquez
|
|
|
Batting: LHB Adam Durgin
|
0-0: Ball 1-0: Ball 2-0: Called Strike 2-1: Foul Ball, location: 2F 2-2: Ball 3-2: Foul Ball, location: 2F 3-2: SINGLE (Groundball, 56D, EV 101.9 MPH)
|
|
Batting: RHB Isaiah Brockman
|
0-0: Ball 1-0: Foul Ball, location: 2F 1-1: Called Strike 1-2: Ball 2-2: Strikes out looking
|
|
Batting: RHB Rick Fell
|
0-0: Ball 1-0: Foul Ball, location: 2F 1-1: Swinging Strike 1-2: Ball 2-2: Strikes out swinging
|
|
Batting: RHB Willie Chavez
|
0-0: Ball 1-0: Fielders Choice at 2nd, 6-4 (Groundball, 6, EV 88.8 MPH)
|
| Top of the 8th over - 0 runs, 1 hit, 0 errors, 1 left on base; Jacksonville 2 - Mississippi 2 |
| BOTTOM OF THE 8TH |
|
Mississippi Braves batting - Pitching for Jacksonville Suns : LHP Melvin Fonseca
|
|
Pinch Hitting: RHB Ike Trout
|
0-0: Called Strike 0-1: Ground out 5-3 (Groundball, 56, EV 105.6 MPH)
|
|
Batting: RHB Hieronim Rutkowski
|
0-0: Ball 1-0: Called Strike 1-1: Ball 2-1: SINGLE (Line Drive, 6M, EV 97.5 MPH)
|
|
Batting: LHB Luis Cruz
|
0-0: Foul Ball, location: 2F 0-1: Ball 1-1: Swinging Strike 1-2: Ball 2-2: Ball 3-2: SINGLE (Groundball, 4MD, EV 110.0 MPH) Hieronim Rutkowski to second Hieronim Rutkowski to third
|
|
Batting: RHB Mike Meeker
|
0-0: Ball 1-0: Ball 2-0: Ball 3-0: Base on Balls Luis Cruz to second
|
|
Pitching: LHP Evan Baxter
|
|
|
Batting: RHB Alex Velasquez
|
0-0: Grounds into fielders choice 5-2 (Groundball, 5S, EV 84.4 MPH) Luis Cruz to third Mike Meeker to second
|
|
Batting: RHB Andy Cunningham
|
0-0: Ball 1-0: Swinging Strike 1-1: Ball 2-1: Ball 3-1: Called Strike 3-2: Foul Ball, location: 2F 3-2: Fly out, F9 (Flyball, 9, EV 86.9 MPH)
|
| Bottom of the 8th over - 0 runs, 2 hits, 0 errors, 3 left on base; Jacksonville 2 - Mississippi 2 |
| TOP OF THE 9TH |
|
Jacksonville Suns batting - Pitching for Mississippi Braves : RHP Orlando Velazquez
|
|
Pitching: RHP Jeff Heaster
|
|
|
Now at 1B: Ike Trout
|
|
|
Now in LF: Tsutomu Miyahara
|
|
|
Pinch Hitting: LHB Jose Cabello
|
0-0: Ground out 5-3 (Groundball, 56S, EV 69.4 MPH)
|
|
Batting: RHB Pat Peterson
|
0-0: Fly out, F9 (Flyball, 9, EV 97.5 MPH)
|
|
Pinch Hitting: LHB Emilio Cordero
|
0-0: Reached on error, E4 (Groundball, 4, EV 100.6 MPH)
|
|
Batting: LHB Luis Magdaleno
|
0-0: SINGLE (Groundball, 34D, EV 105.0 MPH) Emilio Cordero to second Runner from 2nd tries for 3rd, SAFE, throw by RF made at trailing runner, OUT! 9-6
|
| Top of the 9th over - 0 runs, 1 hit, 1 error, 1 left on base; Jacksonville 2 - Mississippi 2 |
| BOTTOM OF THE 9TH |
|
Mississippi Braves batting - Pitching for Jacksonville Suns : LHP Evan Baxter
|
|
Pitching: RHP Tim Poist
|
|
|
Now at 1B: Jake Shelton
|
|
|
Now at 2B: Jordan Arcidez
|
|
|
Batting: SHB Juan Aguilar
|
0-0: Ball 1-0: Ball 2-0: Called Strike 2-1: Swinging Strike 2-2: Strikes out looking
|
|
Batting: LHB Tsutomu Miyahara
|
0-0: Ball 1-0: Fly out, F7 (Flyball, 7, EV 91.2 MPH)
|
|
Batting: RHB Edgar Castillo
|
0-0: Foul Ball, location: 2F 0-1: Called Strike 0-2: Ground out 6-3 (Groundball, 6, EV 103.1 MPH)
|
| Bottom of the 9th over - 0 runs, 0 hits, 0 errors, 0 left on base; Jacksonville 2 - Mississippi 2 |
| TOP OF THE 10TH |
|
Jacksonville Suns batting - Pitching for Mississippi Braves : RHP Jeff Heaster
|
|
Batting: RHB Masumitsu Sugiura
|
0-0: Ball 1-0: Foul Ball, location: 2F 1-1: Ball 2-1: Foul Ball, location: 2F 2-2: Ball 3-2: Base on Balls
|
|
Batting: LHB Adam Durgin
|
0-0: Called Strike 0-1: Ball 1-1: Ball 2-1: Called Strike 2-2: Foul Ball, location: 2F 2-2: Ball 3-2: Reached on error, E4 (Line Drive, 4M, EV 91.2 MPH) Masumitsu Sugiura to second
|
|
Batting: RHB Isaiah Brockman
|
0-0: Called Strike 0-1: Ball 1-1: SINGLE (Line Drive, 9S, EV 100.6 MPH) Masumitsu Sugiura to third Adam Durgin to second
|
|
Batting: RHB Rick Fell
|
0-0: Called Strike 0-1: Swinging Strike 0-2: Ball 1-2: Ball 2-2: Strikes out swinging
|
|
Batting: RHB Willie Chavez
|
0-0: Swinging Strike 0-1: Ball 1-1: DOUBLE (Line Drive, 89D, EV 106.9 MPH) Masumitsu Sugiura scores Adam Durgin scores Isaiah Brockman to third
|
|
Batting: RHB Jake Shelton
|
0-0: Ball 1-0: Ball 2-0: Ground out 4-3 (Groundball, 4, EV 101.9 MPH) Isaiah Brockman scores Willie Chavez to third
|
|
Pitching: RHP Josh Thomas
|
|
|
Batting: RHB Pat Peterson
|
0-0: DOUBLE (Groundball, 5L, EV 97.5 MPH) Willie Chavez scores
|
|
Batting: RHB Jordan Arcidez
|
0-0: Ball 1-0: Fly out, F9 (Flyball, 9D, EV 99.4 MPH)
|
| Top of the 10th over - 4 runs, 3 hits, 1 error, 1 left on base; Jacksonville 6 - Mississippi 2 |
| BOTTOM OF THE 10TH |
|
Mississippi Braves batting - Pitching for Jacksonville Suns : RHP Tim Poist
|
|
Batting: RHB Ike Trout
|
0-0: Ball 1-0: Foul Ball, location: 2F 1-1: Foul Ball, location: 2F 1-2: Foul Ball, location: 2F 1-2: Ball 2-2: Foul Ball, location: 2F 2-2: Foul Ball, location: 2F 2-2: Foul Ball, location: 2F 2-2: SINGLE (Flyball, 7LS, EV 93.1 MPH)
|
|
Batting: RHB Hieronim Rutkowski
|
0-0: Foul Ball, location: 2F 0-1: Called Strike 0-2: Strikes out looking
|
|
Batting: LHB Luis Cruz
|
0-0: SINGLE (Groundball, 6MD, EV 102.5 MPH) Ike Trout to second
|
|
Batting: RHB Mike Meeker
|
0-0: Ball 1-0: Fly out, F8 (Flyball, 8RXD, EV 103.8 MPH) Runner from 2nd tags up, SAFE at 3rd, no throw by CF
|
|
Batting: RHB Alex Velasquez
|
0-0: Called Strike 0-1: Ball 1-1: Ball 2-1: Ground out 4-3 (Groundball, 34, EV 104.4 MPH)
|
| Bottom of the 10th over - 0 runs, 2 hits, 0 errors, 2 left on base; Jacksonville 6 - Mississippi 2 |
|